 Dungeon Crawl Stone Soup version 0.28-a0-987-g8383568036 (webtiles) character file.

Game seed: 9741696509678972119

31814 Decritt the Basher (level 13, -2/89 HPs)
             Began as a Gargoyle Fighter on Dec 4, 2021.
             Was a High Priest of Zin.
             Slain by a death yak (18 damage)
             ... on level 3 of the Lair of Beasts.
             The game lasted 00:35:29 (17118 turns).

Decritt the Basher (Gargoyle Fighter)              Turns: 17118, Time: 00:35:30

Health: -2/89      AC: 40    Str: 31    XL:     13   Next: 60%
Magic:  19/19      EV:  8    Int:  9    God:    Zin [*****.]
Gold:   1230       SH:  5    Dex:  9    Spells: 12/12 levels left

rFire   . . .      SeeInvis .   x - +2 great mace (protect)
rCold   + . .      Faith    .   (shield currently unavailable)
rNeg    + . .      Spirit   .   G - +0 plate armour
rPois   ∞          Reflect  +   z - +0 helmet
rElec   +          Harm     .   m - +0 cloak
rCorr   .          Rampage  .   p - +2 pair of gloves
Will    .....                   j - +0 pair of boots
Stlth   ..........              k - amulet of reflection
HPRegen 0.24/turn               q - +6 ring of strength
MPRegen 0.16/turn               K - ring of protection from cold

@: under a protective aura
A: sickness immunity, AC +9, negative energy resistance 1, electricity
resistance, torment resistance 1, petrification resistance
a: Renounce Religion, Recite, Vitalisation, Imprison, Sanctuary, Donate Gold


You were on level 3 of the Lair of Beasts.
You worshipped Zin.
Zin was extremely pleased with you.
You visited 3 branches of the dungeon, and saw 15 of its levels.
You also visited: Volcano.

You collected 1350 gold pieces.
You donated 120 gold pieces to Zin.

Inventory:

Hand Weapons
 s - a +2 flail of venom
 x - a +2 great mace of protection (weapon)
 C - a +0 morningstar
Missiles
 n - 9 javelins
 t - 2 throwing nets
Armour
 c - a +0 buckler
 j - a +0 pair of boots (worn)
 m - a +0 cloak (worn)
 p - a +2 pair of gloves (worn)
 w - a +2 ring mail of poison resistance
 z - a +0 helmet (worn)
 G - a +0 plate armour (worn)
Jewellery
 k - an amulet of reflection (around neck)
 o - an amulet of regeneration
 q - a +6 ring of strength (left hand)
 K - a ring of protection from cold (right hand)
Wands
 i - a wand of flame (7)
Scrolls
 b - a scroll of immolation
 d - a scroll of magic mapping
 f - 8 scrolls of teleportation
 h - 2 scrolls of enchant armour
 r - a scroll of identify
 u - a scroll of summoning
 y - 5 scrolls of fear
 D - 3 scrolls of fog
 E - 2 scrolls of blinking
Potions
 a - a potion of haste
 e - 4 potions of ambrosia
 g - 10 potions of attraction
 l - 5 potions of curing
 v - a potion of resistance
 A - 2 potions of heal wounds
 J - 3 potions of mutation
 L - a potion of cancellation
Miscellaneous
 H - a phial of floods


   Skills:
 + Level 13.6 Fighting
 * Level 13.9 Maces & Flails
 + Level 12.1 Armour
 - Level 5.1 Shields
 + Level 8.8 Invocations


You had 12 spell levels left.
You didn't know any spells.
Your spell library contained the following spells:

 Spells                   Type           Power      Damage    Failure   Level
 Beastly Appendage        Tmut           0%         N/A       94%         1
 Ensorcelled Hibernation  Hex/Ice        0%         N/A       98%         2
 Wereblood                Tmut           0%         N/A       98%         2
 Spider Form              Tmut/Pois      0%         N/A       100%        3
 Leda's Liquefaction      Hex/Erth       0%         N/A       100%        4
 Iskenderun's Battlesphe  Conj           0%         2d6       100%        5
 Lee's Rapid Deconstruct  Erth           0%         3d5*      100%        5
 Iron Shot                Conj/Erth      0%         9d1       100%        6
 Spellforged Servitor     Conj/Summ      0%         N/A       100%        7
 Statue Form              Tmut/Erth      Unusable   N/A       N/A         6

Dungeon Overview and Level Annotations

Branches:
Dungeon (10/15)            Temple (1/1) D:4            Lair (4/6) D:10
  Swamp (0/4) Lair:2        Snake (0/4) Lair:3          Orc (0/2) D:9
Volcano (visited)

Altars:
Elyvilon
Hepliaklqana
Uskayaw
Zin

Portals:
Trove: D:10 (give +6 demon whip)

Annotations:
D:4 3 runed translucent doors, Htamos's ghost, novice GrEE


Innate Abilities, Weirdness & Mutations

You are immune to sickness and miasma.
Your stone body is resilient. (AC +9)
You are immune to poison.
You resist negative energy. (rN+)
You are resistant to electric shocks. (rElec)
You are resistant to unholy torment.
You are immune to petrification.


Message History

You climb upwards.
There is a stone staircase leading down, spattered with blood here.
The death yak gores you!
* * * LOW HITPOINT WARNING * * *
The cane toad barely misses you.
You see here a death yak skeleton.
You thump the cane toad!
Your weapon exudes an aura of protection.
The cane toad is moderately wounded.
The death yak barely misses you. You block the cane toad's attack.
The death yak gores you but does no damage.
You hit the cane toad.
The cane toad is moderately wounded.
The death yak gores you but does no damage.
The cane toad stings you but does no damage.
The death yak gores you but does no damage.
You thump the cane toad!
The cane toad is severely wounded.
The cane toad closely misses you. You block the death yak's attack.
The death yak barely misses you.
You bludgeon the cane toad!!
You kill the cane toad!
The death yak gores you but does no damage.
The death yak gores you!
* * * LOW HITPOINT WARNING * * *
You completely miss the death yak. The death yak gores you.
* * * LOW HITPOINT WARNING * * *
The death yak gores you but does no damage.
You bludgeon the death yak!!
The death yak is moderately wounded.
The death yak gores you but does no damage. x2
You bludgeon the death yak!!
The death yak is severely wounded.
The death yak gores you!
* * * LOW HITPOINT WARNING * * *
You block the death yak's attack.
You hit the death yak but do no damage.
The death yak is severely wounded.
The death yak gores you!!
You die...

# ##....#####P...##.# # #P...#.#
##.....## ######.....## ##...###
...#......## #.#....#
..###.....# ###...## ...##...###
##..####### #........# ###
##....#.##.####
##......####.#####.............#
#.......#.......@Y÷............#
...?.............Y.............#
...............................#
..#####P..#..##................#
### #...####.................#
##..###^..#..............# ###
##..##.#.P#..............# #.##
##...##...##..............#
#.P###........###P.............#


You could see 2 death yaks.

Vanquished Creatures
  Rupert (Lair:3)
  Josephine (D:10)
  5 hydras
  A two-headed ogre (D:10)
  5 death yaks
  Sonja (Lair:2)
  A lindwurm (Lair:4)
  A manticore (shapeshifter) (D:10)
  An oklob plant (Lair:3)
  A salamander (Lair:2)
  A cyclops (D:10)
  Joseph (Lair:1)
  4 black mambas
  A gargoyle (D:8)
  8 cane toads
  A rime drake (Lair:3)
  4 komodo dragons
  4 trolls
  Prince Ribbit (D:7)
  3 blink frogs (Lair:2)
  Grinder (D:3)
  25 yaks
  3 wraiths (D:10)
  3 wyverns
  Grum (D:10)
  5 vampire mosquitoes
  3 steam dragons
  Duvessa (D:7)
  14 water moccasins
  5 orc warriors
  4 black bears
  4 necrophages
  2 ogres
  19 wolves
  3 centaurs
  A phantom (D:6)
  A kobold brigand (D:8)
  3 bullfrogs
  A gnoll sergeant (D:10)
  A scorpion (D:7)
  Dowan (D:7)
  A water moccasin skeleton (D:5)
  4 wights
  5 howler monkeys
  2 electric eels (Lair:2)
  4 centaur zombies
  11 orc priests
  6 jellies (Lair:3)
  A gnoll shaman (D:4)
  3 hounds
  5 iguanas
  Jessica (D:3)
  A centaur skeleton (D:6)
  6 orc wizards
  Terence (D:3)
  A hell rat (D:9)
  A hound zombie (D:5)
  A howler monkey zombie (D:10)
  8 adders
  15 gnolls
  A shadow imp (D:6)
  2 white imps
  An ufetubus (D:7)
  38 orcs
  22 endoplasms
  4 giant cockroaches
  4 hobgoblins
  4 jackals (D:2)
  17 kobolds
  5 quokkas
  5 ball pythons
  6 bats
  2 frilled lizards
  7 goblins
  8 rats
350 creatures vanquished.

Vanquished Creatures (others)
  16 fungi
  21 plants
37 creatures vanquished.

Grand Total: 387 creatures vanquished

Notes
Turn   | Place    | Note
-------+----------+-------------------------------------------
     0 | D:1      | Decritt the Gargoyle Fighter began the quest for the Orb.
     0 | D:1      | Reached XP level 1. HP: 14/14 MP: 1/1
   101 | D:1      | Reached XP level 2. HP: 17/20 MP: 2/2
   591 | D:1      | Reached XP level 3. HP: 24/24 MP: 3/3
  1555 | D:2      | Reached XP level 4. HP: 26/30 MP: 4/4
  2172 | D:3      | Noticed Grinder
  2484 | D:3      | Killed Grinder
  2485 | D:3      | Reached skill level 5 in Fighting
  2485 | D:3      | Reached XP level 5. HP: 20/36 MP: 5/5
  2485 | D:3      | Reached XP level 6. HP: 23/41 MP: 6/6
  3168 | D:3      | Reached skill level 5 in Armour
  3254 | D:3      | Noticed Jessica
  3275 | D:3      | Killed Jessica
  3276 | D:3      | Reached XP level 7. HP: 47/47 MP: 7/7
  3297 | D:3      | Noticed Terence
  3303 | D:3      | Killed Terence
  3856 | D:4      | Found a staircase to the Ecumenical Temple.
  3865 | Temple   | Entered the Ecumenical Temple
  3878 | Temple   | Became a worshipper of Zin the Law-Giver
  3878 | Temple   | Reached * piety under Zin
  3983 | D:4      | Found a runed translucent gate.
  3997 | D:4      | Found a runed translucent gate.
  3998 | D:4      | Found a runed translucent gate.
  4000 | D:4      | Noticed Htamos's ghost (novice GrEE)
  4591 | D:5      | Entered Level 5 of the Dungeon
  4660 | D:5      | Reached XP level 8. HP: 53/53 MP: 8/8
  4872 | D:5      | Reached ** piety under Zin
  5048 | D:5      | Reached skill level 5 in Maces & Flails
  5422 | D:6      | Found a hide-covered altar of Uskayaw.
  5463 | D:6      | Reached XP level 9. HP: 53/60 MP: 9/9
  6229 | D:6      | Reached *** piety under Zin
  6493 | D:6      | Reached skill level 10 in Fighting
  6784 | D:7      | Noticed Prince Ribbit
  6808 | D:7      | Killed Prince Ribbit
  6997 | D:7      | Reached XP level 10. HP: 66/68 MP: 10/10
  7042 | D:7      | Noticed Dowan
  7054 | D:7      | Killed Dowan
  7067 | D:7      | Noticed Duvessa
  7083 | D:7      | Killed Duvessa
  7368 | D:7      | Found a white marble altar of Elyvilon.
  7661 | D:7      | Reached **** piety under Zin
  7876 | D:8      | Noticed a gargoyle
  7889 | D:8      | Killed a gargoyle
  7890 | D:8      | Reached skill level 5 in Shields
  8695 | D:9      | Found a staircase to the Orcish Mines.
  8750 | D:9      | Reached skill level 1 in Invocations
  8963 | D:9      | Reached ***** piety under Zin
  9669 | D:10     | Entered Level 10 of the Dungeon
  9669 | D:10     | Noticed a death yak
  9670 | D:10     | Noticed a death yak
  9680 | D:10     | Noticed a death yak
  9917 | D:9      | Found a staircase to the Orcish Mines.
 10010 | D:9      | Killed a death yak
 10011 | D:9      | Reached XP level 11. HP: 34/74 MP: 13/13
 10039 | D:9      | Killed a death yak
 10218 | D:9      | Killed a death yak
 10219 | D:9      | Reached skill level 10 in Maces & Flails
 10734 | D:10     | Found a staircase to the Lair.
 10798 | D:10     | Noticed Josephine
 10815 | D:10     | Killed Josephine
 10951 | D:10     | Reached skill level 5 in Invocations
 10974 | D:10     | Reached skill level 10 in Armour
 11001 | D:10     | Noticed a five-headed hydra
 11006 | D:10     | Noticed a two-headed ogre
 11022 | D:10     | Killed a five-headed hydra
 11210 | D:10     | Noticed Grum
 11238 | D:10     | Killed Grum
 11393 | D:10     | Killed a two-headed ogre
 11401 | D:10     | Reached XP level 12. HP: 71/81 MP: 16/16
 11663 | D:10     | Found a portal to a secret trove of treasure.
 11927 | D:10     | Noticed a seven-headed hydra
 11936 | D:10     | Killed a seven-headed hydra
 12274 | Lair:1   | Entered Level 1 of the Lair of Beasts
 12304 | Lair:1   | Noticed a seven-headed hydra
 12317 | Lair:1   | Killed a seven-headed hydra
 12777 | Lair:1   | Noticed Joseph
 12805 | Lair:1   | Killed Joseph
 13257 | Lair:1   | Identified a scroll of acquirement
 13257 | Lair:1   | Acquired 572 gold pieces
 13260 | Lair:1   | Reached ****** piety under Zin
 13332 | Lair:2   | Noticed a five-headed hydra
 13354 | Lair:2   | Killed a five-headed hydra
 13391 | Lair:2   | Noticed Sonja
 13399 | Lair:2   | Killed Sonja
 13759 | Lair:2   | Found a dark tunnel.
 13764 | Volcano  | Entered a volcano
 14176 | Lair:2   | Reached XP level 13. HP: 88/88 MP: 18/18
 14415 | Lair:2   | Found a staircase to the Swamp.
 14811 | Lair:3   | Found a staircase to the Snake Pit.
 15246 | Lair:3   | Noticed Rupert
 15761 | Lair:3   | Killed Rupert
 17118 | Lair:3   | Slain by a death yak

Illustrated notes

Levels and vault maps discovered:
D:1:      tarquinn_simple_flora_water_e, layout_loops_ring
D:2:      layout_basic
D:3:      layout_loops_ring, lexackson_kobold_supper, uniq_grinder,
          uniq_jessica, uniq_terence
D:4:      layout_basic, minmay_temple_entry_stoned_glass,
          gammafunk_ghost_nasty_kobolds, chequers_big_river,
          corexii_checkpoint_a, minmay_pentomino_pile
D:5:      layout_gridville
D:6:      layout_basic, hangedman_decor_diamond_cutter, kennysheep_small_circle
D:7:      layout_basic, mainiacjoe_overflow_paths, grunt_ministairs_2,
          uniq_prince_ribbit1, uniq_duvessa
D:8:      layout_loops_corners
D:9:      layout_loops_corners, david_orc_2, chequers_serial_rivers_room_b,
          hangedman_abyss_or_decor_slice
D:10:     nzn_winding_woodlands_three_and_one
          [nzn_winding_woodlands_5x15_concentric,
          nzn_winding_woodlands_5x15_pockets,
          nzn_winding_woodlands_5x15_river_crossing,
          nzn_winding_woodlands_center_diamonds], layout_loops_cross,
          dpeg_lair_monsters, enter_trove_3, uniq_josephine, uniq_grum
Temple:   mainiacjoe_temple_archimedes_tessellation
Lair:1:   layout_concentric_octagons, grunt_megastairs_5, uniq_joseph
Lair:2:   layout_gridlike, minmay_swamp_entry_swarm, enter_volcano_4, uniq_sonja
Lair:3:   lemuel_slime, layout_hall_layers, minmay_snake_entry_six_corridors,
          chequers_serial_rivers_micro_c, uniq_rupert
Lair:4:   minmay_guarded_unrand_snakebite, layout_gridlike, minivault_26,
          lemuel_fruit_tree, infiniplex_staircase_pool_2

Skill      XL: |  1  2  3  4  5  6  7  8  9 10 11 12 13 |
---------------+----------------------------------------+-----
Fighting       | 4 5 6 7 9 10 11 12 13 | 13.6
Armour         | 4 5 6 8 9 10 11 12 | 12.1
Maces & Flails | 3 4 5 7 9 11 12 13 | 13.9
Shields        | 4 5 |  5.1
Invocations    | 3 5 7 8 |  8.8

Action                   |  1- 3 |  4- 6 |  7- 9 | 10-12 | 13-15 || total
-------------------------+-------+-------+-------+-------+-------++-------
Melee: Flail             |   100 |   113 |   339 |   777 |   183 ||  1512
       Great mace        |       |       |       |       |    89 ||    89
Throw: Boomerang         |       |    51 |    18 |    64 |    35 ||   168
       Javelin           |       |       |       |       |     1 ||     1
  Use: Potion            |       |     1 |       |     4 |     5 ||    10
       Scroll            |       |       |     7 |    22 |       ||    29
Armor: Scale mail        |    50 |    49 |       |       |       ||    99
       Chain mail        |       |    23 |   250 |   201 |       ||   474
       Plate armour      |       |       |       |   508 |   196 ||   704
Dodge: Dodged            |    56 |    43 |   140 |   373 |   112 ||   724
Block: Buckler           |    18 |    21 |    73 |   202 |    35 ||   349
       Other             |       |       |       |       |    16 ||    16
       Reflection        |       |       |       |       |     1 ||     1

Table legend: (Time is in decaauts)
 A = Elapsed time spent in this place.
 B = Non-inter-level travel time spent in this place.
 C = Inter-level travel time spent in this place.
 D = Time resting spent in this place.
 E = Time spent auto-exploring this place.
 F = Levels seen in this place.
 G = Mean time per level.
                   A        B        C        D        E       F      G
               +--------+--------+--------+--------+--------+-----+--------+
         Total |  17178 |  16672 |    506 |   4247 |   9086 |  16 | 1073.6 |
       Dungeon |  12392 |  11969 |    423 |   2401 |   7147 |  10 | 1239.2 |
        Temple |     22 |     13 |      9 |      0 |      6 |   1 |   22.0 |
          Lair |   4737 |   4664 |     73 |   1846 |   1930 |   4 | 1184.2 |
       Volcano |     26 |     26 |      0 |      0 |      3 |   1 |   26.0 |
               +--------+--------+--------+--------+--------+-----+--------+

Top non-repeatable levels by time:
  Lair:3: 2497 daAuts
     D:9: 2208 daAuts
     D:2: 1486 daAuts
    D:10: 1429 daAuts
     D:6: 1424 daAuts
  Lair:2: 1199 daAuts
     D:3: 1111 daAuts
     D:4: 1089 daAuts
     D:7: 1088 daAuts
     D:1: 999 daAuts
  Lair:1: 987 daAuts
     D:8: 861 daAuts
     D:5: 695 daAuts
  Lair:4: 53 daAuts
 Volcano: 26 daAuts
